 Dungeon Crawl Stone Soup version 0.20.0-8-g6b59dc7 (webtiles) character file.

35 QuCean the Ogre Mage (level 3, -3/31 HPs)
             Began as an Ogre Wizard on June 1, 2017.
             Slain by a worm (8 damage)
             ... on level 2 of the Dungeon.
             The game lasted 00:11:08 (1097 turns).

QuCean the Ogre Mage (Ogre Wizard)                  Turns: 1097, Time: 00:11:08

Health: -3/31      AC:  3    Str: 11    XL:     3   Next: 35%
Magic:  4/18       EV: 10    Int: 20    God:
Gold:   28         SH:  0    Dex:  7    Spells: 1/11 levels left

rFire    . . .     SeeInvis .   (no weapon)
rCold    + . .     Gourm    .   (no shield)
rNeg     . . .     Faith    .   a - +0 robe
rPois    .         Spirit   .   b - +0 hat
rElec    .         Reflect  .   (no cloak)
rCorr    .         Harm     .   (gloves unavailable)
MR       .....                  (boots unavailable)
Stlth    +.........             i - amulet of regeneration
Regen    0.5/turn               e - ring of magical power
MPRegen  0.2/turn               l - ring of protection from cold

@: very slightly contaminated
A: unfitting armour, tough skin 1
a: no special abilities


You were on level 2 of the Dungeon.
You were not hungry.

You visited 1 branch of the dungeon, and saw 2 of its levels.

You collected 28 gold pieces.

Inventory:

Hand Weapons
 k - a +3 spear of flaming
Armour
 a - a +0 robe (worn)
 b - a +0 hat (worn)
 g - a +0 helmet
Jewellery
 e - a ring of magical power (left hand)
 h - an uncursed ring of fire
 i - an amulet of regeneration (around neck)
 l - a ring of protection from cold (right hand)
Potions
 j - a potion of mutation {unknown}
 m - a potion of haste {unknown}
Books
 c - a book of Minor Magic

   Spells                             Type                      Level
   a - Magic Dart                     Conjuration                  1
   b - Blink                          Translocation                2
   c - Call Imp                       Summoning                    2
   d - Slow                           Hexes                        2
   e - Conjure Flame                  Conjuration/Fire             3
   f - Mephitic Cloud                 Conjuration/Poison/Air       3


   Skills:
 + Level 2.1 Dodging
 + Level 1.5 Stealth
 + Level 4.6 Spellcasting
 + Level 1.0 Conjurations
 + Level 0.8 Summonings
 + Level 0.8 Translocations


You had one spell level left.
You knew the following spells:

 Your Spells              Type           Power        Failure   Level  Hunger
a - Magic Dart            Conj           #...         8%          1    None
b - Blink                 Tloc           N/A          13%         2    #......
c - Call Imp              Summ           #.......     13%         2    #......
d - Slow                  Hex            #.......     19%         2    #......
e - Mephitic Cloud        Conj/Pois/Air  #.......     32%         3    ##.....


Dungeon Overview and Level Annotations

Branches:
Dungeon (2/15)

Altars:


Innate Abilities, Weirdness & Mutations

You are too large for most types of armour.
You have tough skin. (AC +1)


Message History

The magic dart hits the hobgoblin.
The bat hits you but does no damage. The hobgoblin closely misses you.
Casting: Magic Dart
Confirm with . or Enter, or press ? or * to list all spells.
Aiming: Magic Dart
Press: ? - help, Shift-Dir - straight line, f/p - bat
Aim: a bat You miscast Magic Dart.
Wisps of smoke drift from your hands.
The hobgoblin hits you but does no damage.
The bat hits you. The worm bites you.
* * * LOW HITPOINT WARNING * * *
Casting: Magic Dart
Confirm with . or Enter, or press ? or * to list all spells.
Okay, then.
The bat hits you.
* * * LOW HITPOINT WARNING * * *
The hobgoblin hits you.
* * * LOW HITPOINT WARNING * * *
The worm bites you!
You die...

########
##....b@##
##....%gw)##
#...$.(.[..#
#..........#
#..........#
#>.........#
#..........#
##......>.##
..........


You could see a worm, a hobgoblin and a bat.

Vanquished Creatures
  A gnoll (D:1)
  An ooze (D:1)
  2 leopard geckos (D:1)
  3 giant cockroaches (D:1)
  2 hobgoblins (D:1)
  5 kobolds
  2 bats (D:1)
  A frilled lizard (D:1)
  A goblin (D:1)
  3 rats (D:1)
21 creatures vanquished.

Notes
Turn   | Place    | Note
-------+----------+-------------------------------------------
     0 | D:1      | QuCean the Ogre Wizard began the quest for the Orb.
     0 | D:1      | Reached XP level 1. HP: 16/16 MP: 5/5
   124 | D:1      | Reached skill level 4 in Spellcasting
   124 | D:1      | Reached XP level 2. HP: 10/24 MP: 0/7
   406 | D:1      | Reached XP level 3. HP: 18/31 MP: 8/8
   410 | D:1      | Learned a level 2 spell: Blink
   413 | D:1      | Learned a level 2 spell: Call Imp
   416 | D:1      | Learned a level 2 spell: Slow
   420 | D:1      | Learned a level 3 spell: Mephitic Cloud
   542 | D:1      | Reached skill level 1 in Conjurations
  1097 | D:2      | Slain by a worm

Skill      XL: |  1  2  3 |
---------------+----------+-----
Spellcasting   | 4 |  4.6
Dodging        | 2 |  2.1
Conjurations   | 1 |  1.0
Stealth        | |  1.5
Summonings     | |  0.8
Translocations | |  0.8

Action                   || total
-------------------------++-------
Melee: Unarmed           ||     9
 Cast: Magic Dart        ||    61
       Mephitic Cloud    ||     3
  Use: Scroll            ||     3
  Eat: Bread ration      ||     1
Armor: Robe              ||    21
Dodge: Dodged            ||    40
